 Dungeon Crawl Stone Soup version 0.28-a0-622-gbaef9634d7 (webtiles) character file.

Game seed: 17392758245736419622

1634 ytrimaz the Cleaver (level 8, 0/77 HPs)
             Began as a Grey Draconian Berserker on Oct 7, 2021.
             Was a Priest of Trog.
             Slain by a troll (12 damage)
             ... on level 6 of the Dungeon.
             The game lasted 00:07:10 (5584 turns).

ytrimaz the Cleaver (Grey Draconian Berserker)      Turns: 5584, Time: 00:07:11

Health: 0/77       AC: 13    Str: 21    XL:     8   Next: 66%
Magic:  8/8        EV: 13    Int:  6    God:    Trog [***...]
Gold:   113        SH:  0    Dex: 11    Spells: 7/7 levels left

rFire   . . .      SeeInvis .   l - +0 war axe
rCold   . . .      Faith    .   (no shield)
rNeg    . . .      Spirit   .   (armour unavailable)
rPois   .          Reflect  .   (helmet restricted)
rElec   .          Harm     .   (no cloak)
rCorr   .          Rampage  .   (no gloves)
Will    ++...                   f - +1 pair of boots
Stlth   +.........              (no amulet)
HPRegen 1.22/turn               (no ring)
MPRegen 0.11/turn               (no ring)

@: strong-willed, on berserk cooldown, regenerating, slowed, very slow
A: AC +11, amphibious, unfitting armour, cold-blooded, dopey 1, robust 1, noise
suppression
a: Renounce Religion, Berserk, Trog's Hand


You were on level 6 of the Dungeon.
You worshipped Trog.
Trog was most pleased with you.
You visited 1 branch of the dungeon, and saw 6 of its levels.

You collected 113 gold pieces.

Inventory:

Hand Weapons
 l - a +0 war axe (weapon)
Armour
 f - a +1 pair of boots (worn)
Jewellery
 d - a ring of fire
Wands
 i - a wand of iceblast (7)
Scrolls
 a - a scroll of teleportation {unknown}
 b - 3 scrolls of identify {unknown}
 m - a scroll of enchant weapon {unknown}
Potions
 e - a potion of lignification {unknown}
 g - a potion of heal wounds {unknown}
 k - a potion of flight {unknown}
 n - a potion of berserk rage {unknown}
 o - a potion of curing {unknown}


   Skills:
 + Level 6.2 Fighting
 + Level 8.8 Axes
 + Level 5.7 Dodging


You had 7 spell levels left.
You didn't know any spells.
Your spell library was empty.

Dungeon Overview and Level Annotations

Branches:
Dungeon (5/15)
 Temple: D:4-7

Altars:
Elyvilon
Qazlal
Wu Jian
Zin


Innate Abilities, Weirdness & Mutations

Your dull iron-grey scales are very hard. (AC +11)
You are amphibious.
You cannot fit into any form of body armour.
You are cold-blooded and may be slowed by cold attacks.
You are dopey. (Int -2)
You are robust. (+10% HP)
You passively dampen the noise of your surroundings.


Message History

You feel a strong urge to attack something.
You are no longer berserk.
You are exhausted.
You feel yourself slow down.
A troll comes into view.
A troll is nearby!
A troll is nearby!
A troll is nearby!
It was a potion of mutation.
You feel extremely strange.
You feel robust.
You feel stupid.
You feel your surroundings grow quieter.
Okay, then.
Your skin crawls.
You feel strong-willed. The troll barely misses you.
The troll claws you but does no damage. x2
The troll completely misses you. The troll claws you! The troll claws you.
* * * LOW HITPOINT WARNING * * *
The troll bites you!
* * * LOW HITPOINT WARNING * * *
The troll claws you.
* * * LOW HITPOINT WARNING * * *
The troll claws you.
* * * LOW HITPOINT WARNING * * *
Okay, then.
Okay, then.
Okay, then.
Okay, then.
As you read the scroll labelled NEFFENW MUNIKH, it crumbles to dust.
The scroll dissolves into smoke.
It was a scroll of fog.
The troll barely misses you. The troll claws you but does no damage.
The troll claws you.
* * * LOW HITPOINT WARNING * * *
Okay, then.
The troll bites you but does no damage. The troll misses you.
The troll closely misses you.
As you read the scroll labelled KUMEWA VEAPU, it crumbles to dust.
It is a scroll of enchant armour.
Your +0 pair of boots glows green for a moment.
The troll bites you!
You die...

###### #....#
##########.§§§#
...........§§§#
.........).§§§##
...........§§T@#
...........§§§§#
...........§.§....
..................
........###.......
##......#
#........ #......#
#....##...
#....... ##....
...# .........#
...


You could see a troll.

Vanquished Creatures
  Pikel (D:5)
  A wyvern (D:4)
  A sky beast (D:5)
  An ogre (D:2)
  A necrophage (D:5)
  A centaur (D:6)
  3 lemures (D:5)
  2 scorpions
  5 killer bees (D:5)
  A bullfrog zombie (D:4)
  A gnoll shaman (D:4)
  A jelly (D:6)
  Natasha (D:2)
  An iguana (D:5)
  A hound skeleton (D:5)
  8 adders
  5 gnolls (D:4)
  An ufetubus (D:3)
  3 worms
  3 dart slugs
  7 orcs (D:3)
  9 bats
  18 endoplasms
  2 giant cockroaches
  5 goblins
  2 hobgoblins
  9 jackals
  6 kobolds
  5 quokkas
  7 ball pythons
  6 frilled lizards
  2 rats
120 creatures vanquished.

Notes
Turn   | Place    | Note
-------+----------+-------------------------------------------
     0 | D:1      | ytrimaz the Draconian Berserker began the quest for the
                  | Orb.
     0 | D:1      | Reached XP level 1. HP: 19/19 MP: 1/1
   133 | D:1      | Reached XP level 2. HP: 7/26 MP: 2/2
   896 | D:1      | Found a faded altar of an unknown god.
  1160 | D:1      | Reached XP level 3. HP: 31/33 MP: 3/3
  1160 | D:1      | Reached ** piety under Trog
  1744 | D:2      | Found an ornate altar of the Wu Jian Council.
  1962 | D:2      | Noticed Natasha
  1974 | D:2      | Killed Natasha
  1975 | D:2      | Reached skill level 4 in Axes
  1975 | D:2      | Reached XP level 4. HP: 36/40 MP: 4/4
  2477 | D:2      | Noticed an ogre
  2486 | D:2      | Killed an ogre
  2487 | D:2      | Reached XP level 5. HP: 46/46 MP: 5/5
  2666 | D:3      | Reached skill level 5 in Axes
  3145 | D:3      | Reached *** piety under Trog
  3152 | D:3      | Found an ornate altar of the Wu Jian Council.
  3443 | D:3      | Found a glowing silver altar of Zin.
  3592 | D:4      | Reached XP level 6. HP: 49/53 MP: 6/6
  3987 | D:4      | Reached skill level 6 in Axes
  4324 | D:4      | Noticed a wyvern
  4335 | D:4      | Killed a wyvern
  4336 | D:4      | Your scales start taking on a dull iron-grey colour.
  4336 | D:4      | Reached XP level 7. HP: 60/60 MP: 7/7
  4479 | D:4      | Found a stormy altar of Qazlal.
  4694 | D:5      | Entered Level 5 of the Dungeon
  4825 | D:5      | Reached skill level 5 in Fighting
  4830 | D:5      | Reached skill level 7 in Axes
  4830 | D:5      | Reached skill level 5 in Dodging
  5090 | D:5      | Found a white marble altar of Elyvilon.
  5095 | D:5      | Noticed Pikel
  5111 | D:5      | Killed Pikel
  5112 | D:5      | Reached skill level 8 in Axes
  5112 | D:5      | Reached XP level 8. HP: 41/70 MP: 8/8
  5548 | D:5      | You fall into a shaft and drop 1 floor!
  5573 | D:6      | Noticed a troll
  5577 | D:6      | Gained mutation: You are robust. (+10% HP) [potion of
                  | mutation]
  5577 | D:6      | Gained mutation: You are dopey. (Int -2) [potion of
                  | mutation]
  5577 | D:6      | Gained mutation: You passively dampen the noise of your
                  | surroundings. [potion of mutation]
  5584 | D:6      | Slain by a troll

Illustrated notes

Levels and vault maps discovered:
D:1:      dpeg_arrival_arbitrary_b, layout_basic,
          hellmonk_ecumenical_altar_zigzags
D:2:      layout_loops_ring, basic_altar, kennysheep_decorative_pillar,
          uniq_natasha
D:3:      layout_basic, mainiacjoe_overflow_six_doors_small,
          mainiacjoe_overflow_surrounded_room, serial_glass, glass_columns_a,
          glass_columns_b
D:4:      layout_cave_pods, kennysheep_little_box
D:5:      minmay_opposing_rooms, layout_loops_ring, elyvilon_altar_5,
          columned_hall_lemuel, minmay_stone_trees_small, grunt_ministairs_4,
          minmay_shop_damaged, skrybe_limestone_x, minmay_misc_feat_nine_boxes,
          kennysheep_flooded_box, minmay_strange_pillars,
          grunt_decor_resistance, uniq_pikel, uniq_prince_ribbit1
D:6:      layout_basic, minmay_temple_entry_junction, uniq_maggie

Skill      XL: |  1  2  3  4  5  6  7  8 |
---------------+-------------------------+-----
Dodging        | 3 4 5 |  5.7
Axes           | 4 5 6 8 |  8.8
Fighting       | 4 5 6 |  6.2

Action                   |  1- 3 |  4- 6 |  7- 9 || total
-------------------------+-------+-------+-------++-------
Melee: Hand axe          |   111 |   182 |       ||   293
       Tailslap          |     5 |    30 |    18 ||    53
       War axe           |       |       |    68 ||    68
Invok: Berserk           |     1 |     3 |     2 ||     6
       Trog's Hand       |       |       |     1 ||     1
  Use: Scroll            |       |       |     2 ||     2
       Potion            |       |       |     1 ||     1
 Stab: Sleeping          |     1 |       |       ||     1
Armor: Skin              |    48 |    77 |    57 ||   182
Dodge: Dodged            |    96 |   178 |    85 ||   359

Table legend: (Time is in decaauts)
 A = Elapsed time spent in this place.
 B = Non-inter-level travel time spent in this place.
 C = Inter-level travel time spent in this place.
 D = Time resting spent in this place.
 E = Time spent auto-exploring this place.
 F = Levels seen in this place.
 G = Mean time per level.
                   A        B        C        D        E       F      G
               +--------+--------+--------+--------+--------+-----+--------+
         Total |   5675 |   5527 |    148 |      0 |   4468 |   6 |  945.8 |
       Dungeon |   5675 |   5527 |    148 |      0 |   4468 |   6 |  945.8 |
               +--------+--------+--------+--------+--------+-----+--------+

Top non-repeatable levels by time:
     D:1: 1408 daAuts
     D:2: 1273 daAuts
     D:4: 1136 daAuts
     D:3: 947 daAuts
     D:5: 871 daAuts
     D:6: 38 daAuts
